 Dungeon Crawl Stone Soup version 0.20.0-4-g10b340a (webtiles) character file.

240 Deemzul the Covered (level 6, 0/48 HPs)
             Began as a Formicid Fighter on May 28, 2017.
             Was a Follower of Okawaru.
             Succumbed to a gnoll's poison
             ... on level 6 of the Dungeon.
             The game lasted 00:02:08 (1905 turns).

Deemzul the Covered (Formicid Fighter)              Turns: 1905, Time: 00:02:09

Health: 0/48       AC:  7    Str: 22    XL:     6   Next: 30%
Magic:  7/7        EV: 13    Int: 13    God:    Okawaru [*.....]
Gold:   48         SH: 10    Dex: 15    Spells: 5/5 levels left

rFire    . . .     SeeInvis +   a - +0 war axe
rCold    + . .     Gourm    .   c - +0 shield
rNeg     . . .     Faith    .   b - +0 scale mail
rPois    .         Spirit   .   (helmet unavailable)
rElec    .         Reflect  .   (no cloak)
rCorr    .         Harm     .   (no gloves)
MR       +....                  (no boots)
Stlth    ++........             (no amulet)
Regen    0.2/turn               n - ring of protection from magic
MPRegen  0.1/turn               t - ring of flight

@: brilliant, agile, lethally poisoned (0 -> -15)
A: permanent stasis, dig shafts and tunnels, four strong arms, antennae 3,
camouflage 1, cold resistance 1
a: Dig, Shaft Self, Heroism, Renounce Religion, Evoke Flight


You were on level 6 of the Dungeon.
You worshipped Okawaru.
Okawaru was aware of your devotion.
You were very hungry.

You visited 1 branch of the dungeon, and saw 4 of its levels.

You collected 48 gold pieces.

Inventory:

Hand Weapons
 a - a +0 war axe (weapon)
Armour
 b - a +0 scale mail (worn)
 c - a +0 shield (worn)
Jewellery
 n - a ring of protection from magic (left hand)
 t - a ring of flight (right hand)
Wands
 s - a wand of confusion (16/48)
Scrolls
 e - 2 scrolls of remove curse {unknown}
 g - a scroll of random uselessness {unknown}
 i - 4 scrolls of identify {unknown}
 k - a scroll of fog {unknown}
 l - a scroll of teleportation {unknown}
 p - a scroll of immolation {unknown}
Potions
 d - a potion of might
 j - a potion of mutation
 v - a potion of haste {unknown}
Comestibles
 f - a bread ration
 h - 8 fruits
 q - a royal jelly
 r - a meat ration


   Skills:
 + Level 4.1 Fighting
 * Level 3.9 Axes
 + Level 4.5 Armour
 + Level 4.4 Shields
 + Level 1.9 Invocations
 + Level 0.2 Evocations


You had 5 spell levels left.
You didn't know any spells.

Dungeon Overview and Level Annotations

Branches:
Dungeon (3/15)

Altars:
Okawaru


Innate Abilities, Weirdness & Mutations

You cannot be hasted, slowed, berserked, paralysed or teleported.
You can dig through walls and to a lower floor.
Your four strong arms can wield two-handed weapons with a shield.
You have a pair of large antennae on your head. (SInv)
Your skin changes colour to match your surroundings (Stealth+).
Your flesh is cold resistant. (rC+)


Message History

* * * LOW HITPOINT WARNING * * *
The gnoll closely misses you. A shaft appears beneath you!
You fall through a shaft for 3 floors!
The shaft crumbles and collapses.
* * * LOW HITPOINT WARNING * * *
You feel sick.
Found a sapphire potion.
It was a potion of mutation.
You feel extremely strange.
Your skin functions as natural camouflage.
You feel resistant to cold.
* * * LOW HITPOINT WARNING * * *
You feel sick.
It was a potion of agility.
You feel agile all of a sudden.
* * * LOW HITPOINT WARNING * * *
You feel sick.
It was a potion of brilliance.
You feel clever all of a sudden.
You die...

. ...
.....####
#.!....@#
#.......#
#.......#
#.......#
#.......#
#.......#
#.......#
#.......#


There were no monsters in sight!

Vanquished Creatures
  Natasha (thrice) (D:3)
  A gnoll (D:1)
  7 adders
  2 oozes (D:3)
  2 worms (D:2)
  3 dart slugs
  A leopard gecko (D:1)
  An orc (D:3)
  4 bats
  4 giant cockroaches
  4 hobgoblins
  3 jackals (D:3)
  22 kobolds
  5 frilled lizards
  7 goblins
  11 rats
80 creatures vanquished.

Notes
Turn   | Place    | Note
-------+----------+-------------------------------------------
     0 | D:1      | Deemzul the Formicid Fighter began the quest for the Orb.
     0 | D:1      | Reached XP level 1. HP: 18/18 MP: 1/1
    72 | D:1      | Reached XP level 2. HP: 18/24 MP: 2/2
   128 | D:1      | Reached XP level 3. HP: 17/29 MP: 3/3
   465 | D:2      | Reached XP level 4. HP: 37/37 MP: 4/4
   570 | D:2      | Found an iron altar of Okawaru.
   587 | D:2      | Became a worshipper of Warmaster Okawaru
  1105 | D:3      | Noticed Natasha
  1110 | D:3      | Killed Natasha
  1110 | D:3      | Reached XP level 5. HP: 42/42 MP: 5/5
  1116 | D:3      | Noticed Natasha
  1122 | D:3      | Killed Natasha
  1122 | D:3      | Reached skill level 1 in Invocations
  1518 | D:3      | Reached XP level 6. HP: 34/48 MP: 6/6
  1663 | D:3      | Noticed Natasha
  1673 | D:3      | Killed Natasha
  1891 | D:3      | Reached * piety under Okawaru
  1902 | D:3      | You fall through a shaft for 3 floors!
  1903 | D:6      | Gained mutation: Your skin changes colour to match your surroundings (Stealth+). [potion of mutation]
  1903 | D:6      | Gained mutation: Your flesh is cold resistant. (rC+) [potion of mutation]
  1904 | D:6      | HP: 2/48 [poisoned by a gnoll]
  1905 | D:6      | Succumbed to a gnoll's poison

Skill      XL: |  1  2  3  4  5 |
---------------+----------------+-----
Shields        | 4 |  4.4
Axes           | 3 |  3.9
Armour         | 4 |  4.5
Invocations    | 1 |  1.9
Fighting       | 4 |  4.1
Evocations     | |  0.2

Action                   |  1- 3 |  4- 6 || total
-------------------------+-------+-------++-------
Melee: War axe           |    70 |   148 ||   218
 Abil: Shaft Self        |       |     1 ||     1
  Use: Potion            |       |     3 ||     3
  Eat: Chunk             |       |     3 ||     3
Armor: Scale mail        |    32 |    66 ||    98
Dodge: Dodged            |    16 |    82 ||    98
Block: Shield            |    41 |   111 ||   152
